 Dungeon Crawl Stone Soup version 0.30.0-17-ge0270778cf (webtiles) character file.

Game seed: 15311596035300124420

6204 monsoonserge the Grappler (level 10, -1/81 HPs)
             Began as a Ghoul Monk on May 21, 2023.
             Was an Elder of Nemelex Xobeh.
             Slain by Gastronok (7 damage)
             ... on level 8 of the Dungeon on May 22, 2023.
             The game lasted 00:38:55 (9673 turns).

monsoonserge the Grappler (Ghoul Monk)              Turns: 9673, Time: 00:38:55

Health: -1/81      AC: 22    Str: 20    XL:     10   Next: 92%
Magic:  14/14      EV:  1    Int:  5    God:    Nemelex Xobeh [****..]
Gold:   499        SH: 14    Dex: 11    Spells: 9/9 levels left

rFire   + .          .
                       - Unarmed
rCold   + + .        i - +0 tower shield
rNeg    + + +        N - +0 crystal plate armour
rPois   ∞            (no helmet)
rElec   .            w - scarf {rC+ rF+}
rCorr   .            (no gloves)
SInv    .            B - +0 pair of boots
Will    +....        G - amulet of the acrobat Stlth
                     q - ring of willpower
HPRegen 0.00/turn    s - +4 ring of protection
MPRegen 0.14/turn

%: acrobat
@: inhibited regen, studying Shields
A: claws 1, cold resistance 1, negative energy resistance 3, inhibited
regeneration, torment resistance 2, devour on kill
a: Renounce Religion, Draw Escape, Draw Destruction, Draw Summoning, Triple
Draw, Deal Four


You were on level 8 of the Dungeon.
You worshipped Nemelex Xobeh.
Nemelex Xobeh was greatly pleased with you.
You visited 2 branches of the dungeon, and saw 9 of its levels.
You also visited: Bailey.

You collected 499 gold pieces.

Inventory:

Hand Weapons
 d - a +0 short sword
 O - a +3 spear
Missiles
 K - 10 poisoned darts (quivered)
 M - 25 javelins
 P - a curare-tipped dart
 S - 3 silver boomerangs
Armour
 e - a +0 chain mail
 i - a +0 tower shield (worn)
 w - a scarf of resistance (worn)
 B - a +0 pair of boots (worn)
 N - a +0 crystal plate armour (worn)
Jewellery
 q - a ring of willpower (left claw)
 r - a ring of protection from cold
 s - a +4 ring of protection (right claw)
 G - an amulet of the acrobat (around neck)
 I - a ring of wizardry
 J - a ring of flight
Wands
 Q - a wand of flame (19)
 R - a wand of paralysis (9)
Scrolls
 c - a scroll of vulnerability {unknown}
 f - 3 scrolls of immolation {unknown}
 h - 2 scrolls of noise {unknown}
 j - a scroll of amnesia {unknown}
 k - 12 scrolls of identify {unknown}
 m - a scroll of acquirement {unknown}
 n - 3 scrolls of teleportation {unknown}
 o - a scroll of summoning {unknown}
 y - 3 scrolls of enchant armour {unknown}
 C - 2 scrolls of poison {unknown}
 D - 5 scrolls of enchant weapon
 E - 3 scrolls of torment {unknown}
 F - 3 scrolls of blinking {unknown}
 L - 2 scrolls of fear {unknown}
Potions
 a - 2 potions of degeneration {unknown}
 b - 2 potions of ambrosia
 g - 2 potions of resistance {unknown}
 l - a potion of magic {unknown}
 p - a potion of might
 t - a potion of attraction {unknown}
 u - 2 potions of curing {unknown}
 v - 2 potions of heal wounds
 x - 2 potions of berserk rage {unknown}
 z - 2 potions of haste {unknown}
 A - 5 potions of flight {unknown}
 H - a potion of lignification {unknown}


   Skills:
 + Level 5.0 Fighting
 - Level 2.0 Polearms
 + Level 0.2 Throwing
 + Level 5.3 Armour
 + Level 4.0 Dodging
 - Level 1.0 Stealth
 + Level 8.0 Shields
 + Level 10.6 Unarmed Combat
 * Level 7.2 Invocations


You had 9 spell levels left.
You didn't know any spells.
Your spell library contained the following spells:

 Spells                   Type           Power      Damage    Failure   Level
 Apportation              Tloc           0%         N/A       100%        1
 Necrotise                Necr           0%         1d4       100%        1
 Slow                     Hex            0%         N/A       100%        1
 Summon Small Mammal      Summ           0%         N/A       100%        1
 Confusing Touch          Hex            0%         N/A       100%        3
 Dazzling Flash           Conj/Hex       0%         N/A       100%        3
 Ozocubu's Armour         Ice            0%         N/A       100%        3
 Vampiric Draining        Necr           0%         2d6       100%        3
 Agony                    Necr           0%         N/A       100%        5
 Metabolic Englaciation   Hex/Ice        0%         N/A       100%        5
 Silence                  Hex/Air        0%         N/A       100%        5
 Simulacrum               Ice/Necr       0%         N/A       100%        6
 Summon Hydra             Summ           0%         N/A       100%        7
 Sublimation of Blood     Necr           Unusable   N/A       N/A         2
 Wereblood                Tmut           Unusable   N/A       N/A         2

Dungeon Overview and Level Annotations

Branches:
Dungeon (8/15)             Temple (1/1) D:6            Lair (0/5) D:8
 Bailey (visited)

Altars:
Ashenzari
Cheibriados
Dithmenos
Fedhas
Kikubaaqudgha
Makhleb
Nemelex Xobeh
Okawaru
Qazlal
Ru
Sif Muna
Trog
Uskayaw
Vehumet
Wu Jian
Xom
Yredelemnul

Shops:
D:3 *   D:5 *

Annotations:
D:8 Gastronok


Innate Abilities, Weirdness & Mutations

You are immune to poison.
You have sharp fingernails.
Your flesh is cold resistant. (rC+)
You are immune to negative energy. (rN+++)
You do not regenerate when monsters are visible.
You are immune to unholy pain and torment.
You thrive by killing the living.


Message History

You claw Gastronok!
Gastronok is heavily wounded.
You claw Gastronok!
Gastronok is heavily wounded.
You block Gastronok's attack.
You claw Gastronok!
Gastronok is severely wounded.
Gastronok bites you!
You scratch Gastronok but do no damage.
Gastronok is severely wounded.
You scratch Gastronok.
Gastronok is severely wounded.
Gastronok bites you!
You scratch Gastronok but do no damage.
Gastronok is severely wounded.
You scratch Gastronok.
Gastronok is severely wounded.
Gastronok bites you!
You claw Gastronok!
Gastronok is severely wounded.
You scratch Gastronok.
Gastronok is severely wounded.
You block Gastronok's attack.
You scratch Gastronok.
Gastronok is severely wounded.
You scratch Gastronok.
Gastronok is severely wounded.
Gastronok bites you but does no damage.
You claw Gastronok!
Gastronok is almost dead.
You scratch Gastronok.
Gastronok is almost dead.
Gastronok waves his eye-stalks in wide circles.
The air twists around and strikes you!!
* * * LOW HITPOINT WARNING * * *
You claw Gastronok!
Gastronok is almost dead.
Gastronok bites you!
You die...
Your body disappears without a glow.

...............
...............
................
................
.................
..................
...........w.......
............@.......
#..................>
#...................
#............".....
#..................
#..................
######..................
.##.....................
........................


You could see Gastronok (swift).

Vanquished Creatures
  A two-headed ogre (D:8)
  Pikel (D:8)
  Joseph (D:8)
  Grinder (D:5)
  A wyvern (D:7)
  Menkaure (D:7)
  A water moccasin (D:5)
  8 orc warriors
  A black bear (D:4)
  13 centaurs
  A phantom (D:7)
  A lemure (D:8)
  2 kobold brigands (D:7)
  3 bullfrogs
  3 scorpions
  4 wights (D:7)
  A killer bee (Bailey)
  3 howler monkeys
  A hound (D:6)
  A quasit (D:4)
  6 iguanas
  3 orc wizards
  A statue (D:5)
  3 gnolls (D:6)
  11 adders
  2 shadow imps (D:4)
  4 white imps
  3 ufetubi (D:4)
  2 worms
  2 dart slugs
  34 orcs
  6 bats
  7 endoplasms
  13 giant cockroaches (D:3)
  9 goblins
  A hobgoblin (D:1)
  7 jackals
  6 quokkas
  7 ball pythons
  A frilled lizard (D:1)
  11 kobolds
  5 rats
193 creatures vanquished.

Vanquished Creatures (collateral kills)
  A steam dragon (D:4)
  Duvessa (D:7)
  An orc warrior (Bailey)
  An ogre (D:4)
  A centaur (Bailey)
  Dowan (D:7)
  An orc priest (D:7)
  A jelly (Bailey)
  An iguana (Bailey)
  An orc wizard (D:7)
  A shadow imp (D:4)
  An orc (Bailey)
12 creatures vanquished.

Vanquished Creatures (others)
  2 orcs
2 creatures vanquished.

Grand Total: 207 creatures vanquished

Notes
Turn   | Place    | Note
-------+----------+-------------------------------------------
     0 | D:1      | monsoonserge the Ghoul Monk began the quest for the Orb.
     0 | D:1      | Reached XP level 1. HP: 19/19 MP: 0/0
   100 | D:1      | Reached XP level 2. HP: 26/26 MP: 1/1
   484 | D:1      | Found a faded altar of an unknown god.
   755 | D:2      | Reached skill level 4 in Unarmed Combat
   755 | D:2      | Reached XP level 3. HP: 17/31 MP: 2/2
   911 | D:2      | Reached XP level 4. HP: 38/38 MP: 3/3
  1068 | D:2      | Reached skill level 1 in Shields
  1079 | D:2      | You fall into a shaft and drop 2 floors!
  1079 | D:4      | Found a sparkling altar of Nemelex Xobeh.
  1187 | D:4      | Became a worshipper of Nemelex Xobeh the Trickster
  1187 | D:4      | Reached * piety under Nemelex Xobeh
  1187 | D:4      | Received a gift from Nemelex Xobeh
  1187 | D:4      | Received a gift from Nemelex Xobeh
  1187 | D:4      | Reached ** piety under Nemelex Xobeh
  1572 | D:3      | Found Mideamom's General Store.
  2001 | D:4      | Noticed a black bear
  2006 | D:4      | Noticed a black bear
  2007 | D:4      | Killed a black bear
  2008 | D:4      | Reached skill level 1 in Armour
  2008 | D:4      | Reached skill level 5 in Unarmed Combat
  2008 | D:4      | Reached skill level 1 in Invocations
  2008 | D:4      | Reached XP level 5. HP: 45/45 MP: 3/5
  2012 | D:4      | a black bear changed into a wyvern
  2012 | D:4      | Noticed a wyvern
  2017 | D:4      | Banished a wyvern
  2018 | D:4      | Reached XP level 6. HP: 30/51 MP: 4/6
  2182 | D:4      | Noticed a steam dragon
  2197 | D:4      | Killed a steam dragon
  2198 | D:4      | Reached skill level 6 in Unarmed Combat
  2198 | D:4      | Reached XP level 7. HP: 11/57 MP: 6/8
  2670 | D:4      | Received a gift from Nemelex Xobeh
  2712 | D:4      | Found a bloodstained altar of Trog.
  2925 | D:5      | Entered Level 5 of the Dungeon
  3062 | D:5      | Noticed Grinder
  3068 | D:5      | Killed Grinder
  3069 | D:5      | Reached XP level 8. HP: 66/66 MP: 9/9
  3166 | D:5      | Found a radiant altar of Vehumet.
  3498 | D:5      | Reached skill level 7 in Unarmed Combat
  3528 | D:5      | Received a gift from Nemelex Xobeh
  3571 | D:5      | Found Qejanwu's Serpentskin Sales.
  3738 | D:5      | Reached *** piety under Nemelex Xobeh
  4188 | D:6      | Found a staircase to the Ecumenical Temple.
  4204 | Temple   | Entered the Ecumenical Temple
  4742 | D:7      | Noticed Menkaure
  4746 | D:7      | Received a gift from Nemelex Xobeh
  4749 | D:7      | Killed Menkaure
  4750 | D:7      | Reached skill level 5 in Shields
  4750 | D:7      | Reached XP level 9. HP: 54/71 MP: 11/11
  4771 | D:7      | Reached skill level 8 in Unarmed Combat
  4809 | D:7      | Noticed Duvessa
  4809 | D:7      | Noticed Dowan
  4982 | D:7      | Killed Dowan
  4983 | D:7      | Killed Duvessa
  5038 | D:7      | Reached skill level 5 in Invocations
  5056 | D:7      | Reached skill level 9 in Unarmed Combat
  5198 | D:7      | Found a flagged portal.
  5241 | Bailey   | Entered a bailey
  6368 | Bailey   | Reached XP level 10. HP: 65/80 MP: 13/13
  7250 | Bailey   | Reached skill level 1 in Polearms
  8720 | D:8      | Found a staircase to the Lair.
  8813 | D:8      | Noticed Pikel
  8838 | D:8      | Killed Pikel
  8839 | D:8      | Reached skill level 10 in Unarmed Combat
  9078 | D:8      | Noticed Joseph
  9095 | D:7      | Reached skill level 5 in Armour
  9209 | D:8      | Killed Joseph
  9406 | D:8      | Noticed a two-headed ogre
  9418 | D:8      | Noticed Gastronok
  9419 | D:8      | Killed a two-headed ogre
  9420 | D:8      | Reached skill level 5 in Fighting
  9420 | D:8      | Reached skill level 1 in Stealth
  9653 | D:8      | Reached **** piety under Nemelex Xobeh
  9653 | D:8      | Received a gift from Nemelex Xobeh
  9673 | D:8      | Slain by Gastronok

Illustrated notes

Levels and vault maps discovered:
D:1:      dpeg_arrival_leaves_temple_mockup, layout_rooms,
          chequers_ecumenical_altar_grove
D:2:      layout_basic, skrybe_limestone_x, minivault_19, minmay_pentomino_z4
D:3:      minmay_roachtagon, layout_basic, serial_shops,
          nicolae_shop_statue_plus
D:4:      layout_basic, mainiacjoe_overflow_cross_hatched, trog_ov_bears_minmay,
          serial_demonic, serial_demonic_c, serial_demonic_b, serial_demonic_b,
          serial_demonic_g, serial_demonic_d, serial_demonic_f,
          eino_tiny_chamber
D:5:      layout_loops_ring, vehumet_statue, amcnicky_mini_corridor_feature,
          guppyfry_shop_venom, uniq_grinder
D:6:      layout_basic, minmay_temple_entry_gardened_gates
D:7:      layout_rooms, enter_bailey_3, uniq_duvessa, uniq_menkaure
D:8:      layout_layer_cave, kennysheep_mini, lair_entry_dummy, uniq_joseph,
          uniq_gastronok, uniq_pikel
Temple:   bh_familiar_temple

Skill      XL: |  1  2  3  4  5  6  7  8  9 10 |
---------------+-------------------------------+-----
Dodging        | 3 4 |  4.0
Unarmed Combat | 4 5 6 7 9 10 | 10.6
Shields        | 1 2 3 5 6 8 |  8.0
Armour         | 1 2 3 4 5 |  5.3
Invocations    | 1 2 3 4 5 7 |  7.2
Fighting       | 4 5 |  5.0
Polearms       | 2 |  2.0
Stealth        | 1 |  1.0
Throwing       | |  0.2

Action                     |  1- 3 |  4- 6 |  7- 9 | 10-12 || total
---------------------------+-------+-------+-------+-------++-------
  Melee: Unarmed           |    97 |   142 |   382 |   167 ||   788
         Spear             |       |       |       |   147 ||   147
  Throw: Dart              |       |       |     4 |     4 ||     8
         Javelin           |       |       |     1 |       ||     1
 Invoke: Draw Destruction  |       |     5 |     8 |     2 ||    15
         Draw Escape       |       |     1 |     1 |       ||     2
         Draw Summoning    |       |     1 |     2 |     2 ||     5
    Use: Potion            |       |       |     1 |       ||     1
 Armour: Chain mail        |    74 |   164 |   219 |    10 ||   467
         Crystal plate arm |       |       |       |   256 ||   256
  Dodge: Dodged            |    20 |    45 |   110 |    66 ||   241
  Block: Tower shield      |    46 |   125 |   332 |   285 ||   788
